Description

Nydus

Replay - Elazer v Krystianer: Game 5 - [ESL] Ghost River

Build Order

Get SALT Encoding   

  12  0:00  Drone  
  13  0:12  Overlord  
  13  0:16  Drone  
  14  0:30  Drone x3  
  17  0:45  Extractor, Drone  
  17  0:49  Spawning Pool  
  16  0:56  Drone  
  17  1:14  Hatchery  
  17  1:18  Drone x2  
  18  1:36  Zergling x2  
  18  1:37  Queen  
  21  1:44  Metabolic Boost  
  21  1:50  Overlord  
  21  1:54  Drone  
  22  2:08  Zergling x2  
  24  2:27  Lair  
  27  2:40  Queen  
  30  2:47  Zergling x10  
  34  2:59  Overlord  
  34  3:09  Zergling x4  
  36  3:16  Overlord  
  36  3:25  Queen  
  36  3:26  Nydus Network  
  37  3:31  Zergling x2  
  48  4:02  Nydus Canal  
  51  4:29  Overlord  
Spawning Tool Build Advisor. Get it on Overwolf

Go to:

Details

  • Created by: Cloudless
  • Published on: May 18, 2024
  • Modified on: May 18, 2024
  • Patch: 5.0.11
  • Difficulty: Easy
Show
View Real Time Build Order
Export as new Build Order

Comments (0)

There are no comments. Be the first!

Create an account to comment!